 Dungeon Sprint DCSS version 0.29-a0-668-g12ee2bf84d (webtiles) character file.

Game seed: 3437591458190487640

1000000 shadowstone the Tortoise (level 11, -26/83 HPs)
             Began as a Gargoyle Fighter on June 23, 2022.
             Annihilated by a bag of meat
             ... wielding a +9 war axe
              (34 damage)
             ... in the Dungeon (Sprint VIII: "Arena of Blood").
             The game lasted 00:01:24 (10 turns).

shadowstone the Tortoise (Gargoyle Fighter)           Turns: 10, Time: 00:01:24

Health: -26/83     AC: 18    Str: 22    XL:     11   Next: 5%
Magic:  11/11      EV: 10    Int:  9    God:
Gold:   0          SH:  0    Dex: 11    Spells: 10/10 levels left

rFire   . . .      SeeInvis .   j - +∞ Axe of Woe
rCold   . . .      Faith    .   (shield currently unavailable)
rNeg    + . .      Spirit   .   a - +0 scale mail
rPois   ∞          Reflect  .   (no helmet)
rElec   +          Harm     .   (no cloak)
rCorr   .          Rampage  .   (no gloves)
Will    .....      NoTele   +   (no boots)
Stlth   ..........              (no amulet)
HPRegen 0.23/turn               (no ring)
MPRegen 0.12/turn               (no ring)

@: no status effects
A: sickness immunity, AC +8, negative energy resistance 1, electricity
resistance, torment resistance 1, petrification resistance
a: no special abilities


You were in the Dungeon.
You visited 1 branch

Inventory:

Hand Weapons
 j - the +∞ Axe of Woe (weapon)
   (You found it in the Dungeon)
Armour
 a - a +0 scale mail (worn)
 b - a +0 buckler
Scrolls
 i - a scroll of blinking
Potions
 c - a potion of might
 d - a potion of curing
 e - a potion of heal wounds
 f - a potion of haste
 g - 2 potions of magic
 h - a potion of berserk rage


   Skills:
 + Level 15.7 Fighting
 + Level 3.1 Axes
 + Level 16.8 Armour
 + Level 15.4 Shields
 + Level 7.3 Unarmed Combat


You had 10 spell levels left.
You didn't know any spells.
Your spell library was empty.

Dungeon Overview and Level Annotations

Branches:
Dungeon (1/1)

Altars:
Makhleb


Innate Abilities, Weirdness & Mutations

You are immune to sickness and miasma.
Your stone body is resilient. (AC +8)
You are immune to poison.
You resist negative energy. (rN+)
You are resistant to electric shocks. (rElec)
You are resistant to unholy torment.
You are immune to petrification.


Message History

The bag of meat moves out of view.
You hear a shout! x2
Your Fighting skill gained 12 levels and is now at level 15!
Your Axes skill gained 3 levels and is now at level 3!
Your Armour skill gained 13 levels and is now at level 16!
Your Shields skill gained 12 levels and is now at level 15!
Your Unarmed Combat skill gained 5 levels and is now at level 7!
You have reached level 2!
You have reached level 3!
Your experience leads to an increase in your attributes!
Increase (S)trength, (I)ntelligence, or (D)exterity?
You feel stronger. x2
You have reached level 4!
You feel stronger.
You have reached level 5!
You have reached level 6!
You have reached level 7!
You have reached level 8!
You feel clever.
You have reached level 9!
Your experience leads to an increase in your attributes!
Increase (S)trength, (I)ntelligence, or (D)exterity?
You feel agile. x2
You have reached level 10!
You have reached level 11!
The bag of meat shouts!
You slash the bag of meat!
You fatally mangle the bag of meat.
You kill the bag of meat!
You slash the bag of meat!
You pulverise the bag of meat into a thin bloody mist.
You kill the bag of meat!
You slash the bag of meat! You chop the bag of meat into pieces.
You kill the bag of meat!
You hit the bag of meat.
You dissect the bag of meat like a pig carcass.
You kill the bag of meat!
You hear a shout! x12
A bag of meat comes into view. It is wielding a +9 war axe.
The bag of meat hits you with a +9 war axe!!
You die...

... .. #.. o# .
#.. ..# ..###..
..###.
......###......
....._......
#..o..# #_)@o_#
#.))..#
....._......
......###......
..###.. ..###.
. #.. ..# #..
o# ... o.


You could see 5 bags of meat.

Vanquished Creatures
  5 orcs (D)
5 creatures vanquished.

Notes
Turn   | Place    | Note
-------+----------+-------------------------------------------
     0 | D        | Found the +∞ Axe of Woe
     0 | D        | shadowstone the Gargoyle Fighter began the quest for the
                  | Orb.
     0 | D        | Reached XP level 1. HP: 14/14 MP: 1/1
     1 | D        | Noticed a bag of meat
     2 | D        | Noticed a bag of meat
     2 | D        | Noticed a bag of meat
     2 | D        | Noticed a bag of meat
     3 | D        | Noticed a bag of meat
     3 | D        | Noticed a bag of meat
     4 | D        | Noticed a bag of meat
     7 | D        | Noticed a bag of meat
     9 | D        | Killed a bag of meat
     9 | D        | Noticed a bag of meat
     9 | D        | Noticed a bag of meat
    10 | D        | Reached skill level 15 in Fighting
    10 | D        | Reached skill level 16 in Armour
    10 | D        | Reached skill level 15 in Shields
    10 | D        | Reached XP level 2. HP: 3/36 MP: 2/2
    10 | D        | Reached XP level 3. HP: 4/40 MP: 3/3
    10 | D        | Reached XP level 4. HP: 4/46 MP: 4/4
    10 | D        | Reached XP level 5. HP: 5/51 MP: 5/5
    10 | D        | Reached XP level 6. HP: 5/56 MP: 6/6
    10 | D        | Reached XP level 7. HP: 6/61 MP: 7/7
    10 | D        | Reached XP level 8. HP: 6/67 MP: 8/8
    10 | D        | Reached XP level 9. HP: 7/72 MP: 9/9
    10 | D        | Reached XP level 10. HP: 7/78 MP: 10/10
    10 | D        | Reached XP level 11. HP: 8/83 MP: 11/11
    10 | D        | Killed a bag of meat
    10 | D        | Killed a bag of meat
    10 | D        | Killed a bag of meat
    10 | D        | Killed a bag of meat
    10 | D        | Noticed a bag of meat
    10 | D        | Annihilated by a bag of meat

Illustrated notes

Levels and vault maps discovered:
D:        meatsprint

Skill      XL: |  1 |
---------------+----+-----
Fighting       | 15 | 15.7
Axes           | 3 |  3.1
Armour         | 16 | 16.8
Shields        | 15 | 15.4
Unarmed Combat | 7 |  7.3

Action                   |  1- 3 |  4- 6 |  7- 9 | 10-12 || total
-------------------------+-------+-------+-------+-------++-------
Melee: Executioner's axe |     1 |       |       |     1 ||     2
Dodge: Dodged            |     1 |       |       |       ||     1

Table legend: (Time is in decaauts)
 A = Elapsed time spent in this place.
 B = Non-inter-level travel time spent in this place.
 C = Inter-level travel time spent in this place.
 D = Time resting spent in this place.
 E = Time spent auto-exploring this place.
 F = Levels seen in this place.
 G = Mean time per level.
                   A        B        C        D        E       F      G
               +--------+--------+--------+--------+--------+-----+--------+
         Total |     10 |     10 |      0 |      0 |      0 |   1 |   10.0 |
       Dungeon |     10 |     10 |      0 |      0 |      0 |   1 |   10.0 |
               +--------+--------+--------+--------+--------+-----+--------+

Top non-repeatable levels by time:
       D: 10 daAuts
